 Dungeon Crawl Stone Soup version 0.20.1-1-g8b1a95d (webtiles) character file.

357 PheasantPlucker the Covered (level 6, -1/53 HPs)
             Began as a Minotaur Fighter on Dec 15, 2017.
             Slain by a slave (4 damage)
             ... led by Pikel
             ... on level 4 of the Dungeon.
             The game lasted 00:16:48 (3147 turns).

PheasantPlucker the Covered (Minotaur Fighter)      Turns: 3147, Time: 00:16:50

Health: -1/53      AC: 11    Str: 22    XL:     6   Next: 36%
Magic:  5/5        EV:  8    Int:  5    God:
Gold:   122        SH: 10    Dex: 10    Spells: 5/5 levels left

rFire    + . .     SeeInvis .   a - +0 long sword
rCold    . . .     Gourm    .   c - +0 shield
rNeg     . . .     Faith    .   r - +1 scale mail {rF+}
rPois    .         Spirit   .   (helmet restricted)
rElec    .         Reflect  .   (no cloak)
rCorr    .         Harm     .   p - +2 pair of gloves
MR       .....                  (no boots)
Stlth    ..........             (no amulet)
Regen    0.2/turn               u - ring of flight
MPRegen  0.1/turn               (no ring)

@: no status effects
A: retaliatory headbutt, horns 2
a: Evoke Flight


You were on level 4 of the Dungeon.
You were very hungry.

You visited 1 branch of the dungeon, and saw 4 of its levels.

You collected 122 gold pieces.

Inventory:

Hand Weapons
 a - a +0 long sword (weapon)
 b - a +0 hand crossbow
 n - a +0 hunting sling
Missiles
 j - 17 bolts
 m - 184 stones (quivered)
Armour
 c - a +0 shield (worn)
 k - a +0 chain mail
 p - a +2 pair of gloves (worn)
 r - a +1 scale mail of fire resistance (worn)
Jewellery
 u - a ring of flight (left hand)
Wands
 e - a wand of paralysis (17/24)
Scrolls
 g - 8 scrolls of identify
 h - 4 scrolls of magic mapping {unknown}
 s - a scroll of recharging
Potions
 d - a potion of might
 o - a potion of flight
Comestibles
 f - 2 bread rations
 i - 3 meat rations


   Skills:
 + Level 4.6 Fighting
 + Level 4.1 Long Blades
 - Level 0.4 Slings
 * Level 3.2 Crossbows
 + Level 5.0 Armour
 + Level 1.0 Dodging
 - Level 0.1 Stealth
 + Level 4.8 Shields


You had 5 spell levels left.
You didn't know any spells.

Dungeon Overview and Level Annotations

Branches:
Dungeon (4/15)
 Temple: D:4-7

Altars:

Annotations:
D:4 Pikel


Innate Abilities, Weirdness & Mutations

You reflexively headbutt those who attack you in melee.
You have a pair of horns on your head.


Message History

The scroll dissolves into smoke.
It was a scroll of fog.
The ice beast hits you but does no damage.
You block Pikel's attack. You block the slave's attack. The slave hits you.
* * * LOW HITPOINT WARNING * * *
You block the slave's attack. The slave hits you.
* * * LOW HITPOINT WARNING * * *
As you read the scroll labeled NOLUPTELUA, it crumbles to dust.
The creatures around you are filled with an inner flame!
It was a scroll of immolation.
The ice beast closely misses you. Pikel closely misses you.
You block the slave's attack. x2
The slave barely misses you. The slave hits you but does no damage.
As you read the scroll labeled PACURGH VACKIO, it crumbles to dust.
It is a scroll of amnesia.
You feel forgetful for a moment. You block the ice beast's attack.
Pikel hits you but does no damage. You block the slave's attack.
The slave hits you.
* * * LOW HITPOINT WARNING * * *
The slave closely misses you. You furiously retaliate!
You headbutt the slave. The slave hits you.
You die...

.#.#.#.###.#....
(...............#.......
.($.....................
..(...................#.
#..)......###<........#.
#...(.....###.#'#.......
###.......#.....#.......
.(....pKp.##.......#....
.(....p@§.''.>..........
......Yp§.##............
.......#####...........#
#....#+ #............
#.... .#+###......# #...
.. ....... #.. .. .....#
#.. .. ...... .#..#


You could see Pikel (inner flame), an ice beast (inner flame) and 4 slaves.

Vanquished Creatures
  Edmund (D:4)
  An iguana (D:4)
  An orc wizard (D:4)
  A worker ant (D:4)
  3 adders
  4 gnolls (D:2)
  A howler monkey skeleton (D:4)
  2 oozes
  3 worms
  A dart slug (D:1)
  2 leopard geckos
  9 orcs (D:4)
  6 bats
  2 giant cockroaches
  5 goblins
  5 jackals
  3 ball pythons
  A frilled lizard (D:1)
  10 kobolds
  6 rats
67 creatures vanquished.

Notes
Turn   | Place    | Note
-------+----------+-------------------------------------------
     0 | D:1      | PheasantPlucker the Minotaur Fighter began the quest for the Orb.
     0 | D:1      | Reached XP level 1. HP: 19/19 MP: 0/0
   281 | D:1      | Reached XP level 2. HP: 19/27 MP: 1/1
   748 | D:1      | Reached skill level 4 in Armour
  1215 | D:2      | Reached XP level 3. HP: 33/33 MP: 2/2
  1487 | D:2      | Reached XP level 4. HP: 40/40 MP: 3/3
  2551 | D:4      | Reached XP level 5. HP: 27/46 MP: 4/4
  2712 | D:4      | Reached skill level 1 in Crossbows
  2753 | D:4      | Noticed Edmund
  2776 | D:4      | Killed Edmund
  2776 | D:4      | Reached skill level 5 in Armour
  2776 | D:4      | Reached XP level 6. HP: 9/53 MP: 5/5
  3131 | D:4      | Reached skill level 1 in Dodging
  3134 | D:4      | Noticed a slave
  3134 | D:4      | Noticed a slave
  3135 | D:4      | Noticed Pikel
  3137 | D:4      | Noticed an ice beast
  3138 | D:4      | Noticed a slave
  3138 | D:4      | Noticed a slave
  3147 | D:4      | Slain by a slave

Skill      XL: |  1  2  3  4  5  6 |
---------------+-------------------+-----
Fighting       | 4 |  4.6
Armour         | 4 5 |  5.0
Long Blades    | 3 4 |  4.1
Shields        | 4 |  4.8
Crossbows      | 2 3 |  3.2
Dodging        | 1 |  1.0
Slings         | |  0.4
Stealth        | |  0.1

Action                   |  1- 3 |  4- 6 || total
-------------------------+-------+-------++-------
Melee: Long sword        |    86 |    83 ||   169
       Headbutt          |    11 |    14 ||    25
       Hand crossbow     |       |     3 ||     3
 Fire: Hunting sling     |     4 |     8 ||    12
       Hand crossbow     |       |    51 ||    51
  Use: Scroll            |     5 |     6 ||    11
       Potion            |     2 |     3 ||     5
  Eat: Chunk             |     2 |     4 ||     6
Armor: Chain mail        |    65 |    56 ||   121
       Scale mail        |       |    13 ||    13
Dodge: Dodged            |    28 |    33 ||    61
Block: Shield            |    73 |    62 ||   135
       Rpst.: Long sword |    10 |     7 ||    17
